 Dungeon Crawl Stone Soup version 0.31-a0-152-g6aa68a64a1 (webtiles) character file.

Game seed: 5190741561475125360

1548 qw the Skirmisher (level 8, -8/71 HPs)
             Began as a Minotaur Hunter on June 9, 2023.
             Was an Initiate of Okawaru.
             Mangled by Duvessa
             ... wielding a +5 short sword of venom
              (9 damage)
             ... on level 5 of the Dungeon.
             The game lasted 00:01:55 (4468 turns).

qw the Skirmisher (Minotaur Hunter)                 Turns: 4468, Time: 00:01:56

Health: -8/71      AC:  9    Str: 15    XL:     8   Next: 57%
Magic:  7/7        EV: 13    Int: 10    God:    Okawaru [......]
Gold:   1131       SH:  5    Dex: 20    Spells: 7/7 levels left

rFire   . . .        Y - +2 shortbow
rCold   . . .        (shield currently unavailable)
rNeg    . . .        n - +1 ring mail "Innasch" {Contam rCorr Int+4 Dex+3}
rPois   .            (helmet restricted)
rElec   .            (no cloak)
rCorr   +            g - +0 pair of gloves
SInv    .            j - +0 pair of boots
Will    .....        d - amulet of reflection
Stlth   +            (no ring)
HPRegen 0.31/turn    (no ring)
MPRegen 0.10/turn

%: reflection
@: lethally poisoned (-8 -> -44), about to teleport
A: horns 2, retaliatory headbutt
a: Renounce Religion


You were on level 5 of the Dungeon.
You worshipped Okawaru.
Okawaru was noncommittal.
You visited 2 branches of the dungeon, and saw 8 of its levels.

You collected 1131 gold pieces.


Innate Abilities, Weirdness & Mutations

You have a pair of horns on your head.
You reflexively headbutt those who attack you in melee.


   Skills:
 + Level 6.7 Fighting
 - Level 10.0 Ranged Weapons
 - Level 3.8 Armour
 - Level 4.2 Dodging
 - Level 0.7 Stealth


You had 7 spell levels left.
You didn't know any spells.
Your spell library was empty.

Inventory:

Hand Weapons
 Y - a +2 shortbow (weapon)
Armour
 g - a +0 pair of gloves (worn)
 j - a +0 pair of boots (worn)
 n - the +1 ring mail "Innasch" (worn) {Contam rCorr Int+4 Dex+3}
   (You found it on level 5 of the Dungeon)

   Int:       It affects your intelligence (+4).
   Dex:       It affects your dexterity (+3).
   Contam:    It causes magical contamination when unequipped.
   rCorr:     It protects you from acid and corrosion.
Jewellery
 d - an amulet of reflection (around neck)
Scrolls
 f - a scroll of teleportation
 l - a scroll of identify
Potions
 a - a potion of resistance
 b - a potion of haste
 c - 3 potions of curing
 h - a potion of mutation
 k - a potion of brilliance {unknown}
 m - 4 potions of might
 o - a potion of magic {unknown}

Dungeon Overview and Level Annotations

Branches:
Dungeon (7/15)             Temple (1/1) D:5

Altars:
Ashenzari
Cheibriados
Dithmenos
Elyvilon
Fedhas
Kikubaaqudgha
Makhleb
Okawaru
Ru
Trog
Uskayaw
Xom
Yredelemnul
Zin
The Shining One

Annotations:
D:4 3 runed translucent doors, qw's ghost, amateur MiHu
D:5 1 runed translucent door, Dowan; Duvessa; qw's ghost, novice NaHu


Message History

You shoot an arrow. The arrow barely misses Duvessa.
You feel very sick. Duvessa closely misses you. You block Duvessa's attack.
You shoot an arrow. The arrow hits Duvessa.
Duvessa is moderately wounded.
You feel very sick.
Duvessa says, "When magic and the sword combine, nothing stands against them."
You block Duvessa's attack.
Dowan points at you and mumbles some strange words.
You block puff of frost... and reflect it back!
The puff of frost hits Dowan.
You shoot an arrow. The arrow hits Duvessa.
Duvessa is moderately wounded.
You feel very sick. You block Duvessa's attack.
Duvessa hits you with a +5 short sword of venom.
You are lethally poisoned!
You shoot an arrow. The arrow completely misses Duvessa.
You feel very sick. Duvessa closely misses you.
Dowan points at you and mumbles some strange words.
The puff of frost hits you.
4466 ||| READING 2 scrolls of teleportation.
As you read the scroll of teleportation, it crumbles to dust.
You feel strangely unstable.
You feel very sick. Duvessa misses you.
Duvessa hits you with a +5 short sword of venom.
You are more poisoned.
4467 ||| DRINKING potion of heal wounds.
You feel much better.
You feel extremely sick.
Duvessa hits you with a +5 short sword of venom!
You are more poisoned.
You shoot an arrow.
The arrow hits Duvessa but does no damage.
Duvessa is moderately wounded.
You feel extremely sick.
Duvessa hits you with a +5 short sword of venom!
You die...

.........# #...#.# .........#
#.<.#.# .#.# .........#
####...#.#####...#
.....##+##...........>....##
.....#W."######..##..........
.....#.?!# #.....#.#..###.
...###...# #.###.#.#..###.
#### ##### #.###.......... #
#e@...#.###### #.#####.# ..e
#.# ..... ##.# #..... ##..#
#..... #..## #..... #.##
#..... #.# ##.#


You could see Duvessa (fast) and Dowan.

Vanquished Creatures
  Sigmund (D:2)
  Menkaure (D:5)
  2 black bears
  An ogre (D:3)
  2 phantoms
  A bullfrog (D:4)
  Blork the orc (D:5)
  2 scorpions
  2 jellies
  An orc priest (D:4)
  2 hounds
  A sleepcap (D:4)
  Jessica (D:2)
  5 iguanas
  Natasha (thrice) (D:2)
  An orc wizard (D:4)
  A mummy (D:4)
  6 adders
  3 gnolls (D:4)
  A white imp (D:5)
  2 worms
  A dart slug (D:2)
  14 orcs
  5 ball pythons
  7 bats
  7 endoplasms
  5 giant cockroaches
  4 goblins
  8 hobgoblins
  2 jackals (D:2)
  3 quokkas
  3 frilled lizards
  A goblin zombie (D:4)
  A hobgoblin zombie (D:4)
  8 kobolds
  11 rats
120 creatures vanquished.

Notes
Turn   | Place    | Note
-------+----------+-------------------------------------------
     0 | D:1      | qw the Minotaur Hunter began the quest for the Orb.
     0 | D:1      | Reached XP level 1. HP: 18/18 MP: 0/0
     0 | D:1      | 0 ||| qw: Version: 0.2-a-122-gbc61b45
     0 | D:1      | 0 ||| qw: Game counter: 3403
     0 | D:1      | 0 ||| qw: Always use a shield: true
     0 | D:1      | 0 ||| qw: God list: Okawaru
     0 | D:1      | 0 ||| qw: Allow faded altars: false
     0 | D:1      | 0 ||| qw: Do Orc after D:15 true
     0 | D:1      | 0 ||| qw: Do second Lair branch before Depths: true
     0 | D:1      | 0 ||| qw: Lair rune preference: random
     0 | D:1      | 0 ||| qw: Plans: Normal
     0 | D:1      | 0 ||| PLANNING D:1-11
   163 | D:1      | Reached XP level 2. HP: 25/25 MP: 1/1
   185 | D:1      | Reached skill level 5 in Ranged Weapons
   294 | D:1      | Reached skill level 3 in Fighting
   404 | D:1      | 404 ||| UPGRADING to +0 pair of gloves.
   409 | D:1      | 409 ||| UPGRADING to +0 ring mail.
   419 | D:1      | 419 ||| DROPPING +0 leather armour.
   420 | D:1      | 420 ||| READING scroll labelled FODILO PU FUQI.
   421 | D:1      | 421 ||| READING scroll labelled XEDANEOZAE.
   422 | D:1      | 422 ||| READING 2 scrolls labelled WUJALU FY CEAGH.
   523 | D:1      | 523 ||| READING scroll labelled JOCE FECAOPN.
   523 | D:1      | Identified a scroll of acquirement
   523 | D:1      | 523 ||| ACQUIRING 843 gold pieces
   523 | D:1      | Acquired 843 gold pieces
   525 | D:1      | 525 ||| READING 2 scrolls labelled BANEGI YRUKH.
   526 | D:1      | 526 ||| READING scroll labelled QUGIEM XIORU.
   530 | D:1      | 530 ||| READING 2 scrolls labelled SOONOULAEM.
   531 | D:1      | 531 ||| DROPPING scroll of butterflies.
   532 | D:1      | 532 ||| DROPPING scroll of silence.
   533 | D:1      | 533 ||| DROPPING scroll of fear.
   598 | D:2      | Noticed Jessica
   600 | D:2      | Killed Jessica
   601 | D:2      | Reached XP level 3. HP: 31/31 MP: 2/2
   727 | D:2      | Noticed Natasha
   733 | D:2      | Killed Natasha
   734 | D:2      | Reached XP level 4. HP: 29/38 MP: 3/3
   920 | D:2      | Noticed Sigmund
   937 | D:2      | Killed Sigmund
   938 | D:2      | Reached skill level 7 in Ranged Weapons
   938 | D:2      | Reached XP level 5. HP: 29/45 MP: 4/4
   938 | D:2      | Reached XP level 6. HP: 33/51 MP: 5/5
  1131 | D:2      | Noticed Natasha
  1147 | D:2      | Killed Natasha
  1484 | D:2      | Noticed Natasha
  1489 | D:2      | Killed Natasha
  1677 | D:2      | 1677 ||| UPGRADING to +2 robe of willpower.
  1687 | D:2      | 1687 ||| DROPPING +0 ring mail.
  1688 | D:2      | 1688 ||| UPGRADING to amulet of reflection.
  1693 | D:2      | 1693 ||| READING scroll labelled SOAW XEAGAIM.
  1694 | D:2      | 1694 ||| DRINKING 2 clear potions.
  1695 | D:2      | 1695 ||| DRINKING 2 puce potions.
  1696 | D:2      | 1696 ||| DRINKING potion of curing.
  1696 | D:2      | 1696 ||| (to cure confusion)
  1697 | D:2      | 1697 ||| DRINKING 3 sapphire potions.
  1698 | D:2      | 1698 ||| READING 3 scrolls of identify.
  1698 | D:2      | 1698 ||| IDENTIFYING glowing purple potion
  1699 | D:2      | 1699 ||| READING 2 scrolls of identify.
  1699 | D:2      | 1699 ||| IDENTIFYING smoky pink potion
  1700 | D:2      | 1700 ||| DROPPING potion of enlightenment.
  1701 | D:2      | 1701 ||| DROPPING potion of ambrosia.
  1751 | D:3      | Reached skill level 3 in Dodging
  1866 | D:3      | Found a hide-covered altar of Uskayaw.
  1967 | D:3      | Reached skill level 8 in Ranged Weapons
  1967 | D:3      | Reached XP level 7. HP: 49/59 MP: 6/6
  2151 | D:3      | Found a snail-covered altar of Cheibriados.
  2449 | D:3      | 2449 ||| READING scroll labelled QAM FUPALEJ.
  2476 | D:4      | 2476 ||| PLANNING OSSUARY
  2482 | D:4      | 2482 ||| STAIRDANCE
  2546 | D:4      | Identified the +6 falchion "Goblinslayer" {flame, rF+
                  | Will+++ Int-5 Stlth+}
  2583 | D:4      | 2583 ||| FLEEEEING.
  2585 | D:4      | 2585 ||| FLEEEEING.
  2586 | D:4      | 2586 ||| STAIRDANCE
  2864 | D:4      | Noticed qw's ghost (amateur MiHu)
  2867 | D:4      | You fall into a shaft and drop 3 floors!
  2910 | D:7      | Reached skill level 9 in Ranged Weapons
  2931 | D:7      | 2931 ||| UPGRADING to +0 pair of boots.
  2936 | D:7      | 2936 ||| READING scroll labelled KAIK IDIUCHU.
  2937 | D:7      | 2937 ||| READING 3 scrolls of identify.
  2937 | D:7      | 2937 ||| IDENTIFYING amethyst potion
  2938 | D:7      | 2938 ||| READING 2 scrolls of identify.
  2938 | D:7      | 2938 ||| IDENTIFYING blue potion
  2939 | D:7      | 2939 ||| DROPPING potion of berserk rage.
  3000 | D:5      | Entered Level 5 of the Dungeon
  3024 | D:4      | Found a runed translucent gate.
  3024 | D:4      | Found a runed translucent gate.
  3024 | D:4      | Found a runed translucent gate.
  3113 | D:4      | Reached skill level 6 in Fighting
  3113 | D:4      | Reached XP level 8. HP: 69/70 MP: 7/7
  3116 | D:4      | 3116 ||| READING scroll of enchant weapon.
  3116 | D:4      | 3116 ||| ENCHANTING +1 shortbow.
  3159 | D:4      | 3159 ||| RIP OSSUARY
  3169 | D:4      | 3169 ||| PLANNING D:1-11
  3575 | D:5      | 3575 ||| STAIRDANCE
  3719 | D:5      | 3719 ||| STAIRDANCE
  3909 | D:5      | Identified the +1 ring mail "Innasch" {Contam rCorr Int+4
                  | Dex+3}
  4002 | D:5      | Found a staircase to the Ecumenical Temple.
  4003 | D:5      | 4003 ||| PLANNING TEMPLE
  4003 | D:5      | 4003 ||| UPGRADING to +1 ring mail "Innasch" {Contam rCorr
                  | Int+4 Dex+3}.
  4013 | D:5      | 4013 ||| DROPPING +2 robe of willpower.
  4029 | Temple   | Entered the Ecumenical Temple
  4064 | Temple   | 4064 ||| PLANNING D:1-11
  4102 | D:5      | Found a runed translucent door.
  4106 | D:5      | Noticed qw's ghost (novice NaHu)
  4148 | D:5      | Found an iron altar of Okawaru.
  4149 | D:5      | 4149 ||| PLANNING OKAWARU WORSHIP
  4149 | D:5      | 4149 ||| READING 2 scrolls of identify.
  4149 | D:5      | 4149 ||| IDENTIFYING lumpy grey potion
  4154 | D:5      | Became a worshipper of Warmaster Okawaru
  4154 | D:5      | 4154 ||| PLANNING D:1-11
  4164 | D:5      | Noticed Blork the orc
  4164 | D:5      | Noticed Menkaure
  4165 | D:5      | 4165 ||| Stepping ~*~*~tactically~*~*~ (outnumbered).
  4167 | D:5      | 4167 ||| Stepping ~*~*~tactically~*~*~ (outnumbered).
  4169 | D:5      | 4169 ||| Stepping ~*~*~tactically~*~*~ (outnumbered).
  4174 | D:5      | Killed Blork the orc
  4175 | D:5      | Reached skill level 10 in Ranged Weapons
  4175 | D:5      | Killed Menkaure
  4176 | D:5      | Reached skill level 3 in Armour
  4452 | D:5      | Noticed Duvessa
  4452 | D:5      | Noticed Dowan
  4465 | D:5      | HP: 15/71 [poisoned by Duvessa]
  4466 | D:5      | 4466 ||| READING 2 scrolls of teleportation.
  4466 | D:5      | HP: 5/71 [poisoned by Duvessa]
  4466 | D:5      | HP: 1/71 [Duvessa/+5 short sword of venom (4)]
  4467 | D:5      | 4467 ||| DRINKING potion of heal wounds.
  4468 | D:5      | Mangled by Duvessa

Levels and vault maps discovered:
D:1:      tarquinn_simple_flora_water_f, layout_rooms, minmay_tiny_reverse_x
D:2:      minmay_razor_zed, layout_basic, uniq_jessica, uniq_natasha,
          uniq_sigmund
D:3:      layout_loops_ring, nicolae_uskayaw_dance_hall, cheibriados_altar_1,
          grunt_ministairs_8
D:4:      layout_basic, gammafunk_ghost_icy, nicolae_ossuary_entry_giza
D:5:      layout_basic, kennysheep_little_box,
          minmay_temple_entry_drinking_statues, ebering_ghost_inner_flame,
          uniq_blork_the_orc, uniq_duvessa, uniq_menkaure
D:6:      layout_basic, general_overflow_altar,
          pdpol_wu_jian_five_deadly_venoms, kennysheep_small_circle
D:7:      layout_loops_corners, grunt_gozag_breadcrumbs, minivault_24,
          uniq_maggie
Temple:   nicolae_temple_ecumenical_triangle

Skill      XL: |  1  2  3  4  5  6  7  8 |
---------------+-------------------------+-----
Ranged Weapons | 5 7 8 9 10 | 10.0
Fighting       | 3 4 6 |  6.7
Armour         | 2 3 |  3.8
Dodging        | 3 4 |  4.2
Stealth        | |  0.7

Action                     |  1- 3 |  4- 6 |  7- 9 || total
---------------------------+-------+-------+-------++-------
   Fire: Shortbow          |    91 |   144 |   208 ||   443
    Use: Scroll            |     7 |     3 |     7 ||    17
         Potion            |       |     4 |     1 ||     5
 Armour: Leather armour    |     4 |       |       ||     4
         Ring mail         |     6 |    19 |     8 ||    33
         Robe              |       |     2 |    12 ||    14
  Dodge: Dodged            |    32 |    37 |    52 ||   121
  Block: Other             |       |     6 |    19 ||    25
         Reflection        |       |       |     1 ||     1

Table legend:
 A = Non-vault XP
 B = Vault XP
 C = Vault XP percentage of total XP
 D = Non-vault monster count
 E = Vault monster count
 F = Vault count percentage of total count
                 A         B        C        D         E       F
            +---------+---------+-------+---------+---------+-------
      Total |    1491 |     721 |  32.6 |      92 |      28 |  23.3
            +---------+---------+-------+---------+---------+-------
        D:1 |      27 |       4 |  12.9 |      18 |       2 |  10.0
        D:2 |     103 |     363 |  77.9 |      13 |      20 |  60.6
        D:3 |     200 |     116 |  36.7 |      27 |       1 |   3.6
        D:4 |     606 |      20 |   3.2 |      22 |       3 |  12.0
        D:5 |     274 |     218 |  44.3 |       6 |       2 |  25.0
        D:6 |     126 |       0 |   0.0 |       3 |       0 |   0.0
        D:7 |     155 |       0 |   0.0 |       3 |       0 |   0.0
            +---------+---------+-------+---------+---------+-------
